 Dungeon Crawl Stone Soup version 0.17.0-28-g6e173f8 (webtiles) character file.

36 Arkorax the Insei (level 3, 0/23 HPs)
             Began as an Octopode Transmuter on Nov 22, 2015.
             Slain by an adder (1 damage)
             ... on level 2 of the Dungeon.
             The game lasted 00:02:30 (1277 turns).

Arkorax the Insei (Octopode Transmuter)             Turns: 1277, Time: 00:02:30

Health: 0/23       AC:  1    Str:  9    XL:     3   Next: 37%
Magic:  6/6        EV: 12    Int: 15    God:
Gold:   134        SH:  0    Dex: 13    Spells: 1 memorised, 5 levels left

rFire  . . .     SeeInvis .       - Unarmed
rCold  . . .     Clarity  +     (no shield)
rNeg   . . .     SustAt   .     (helmet restricted)
rPois  .         Gourm    .     l - amulet of clarity
rElec  .         Spirit   .     (no ring)
rCorr  .         Warding  .     (no ring)
rMut   .         Stasis   .     (no ring)
MR     .....                    (no ring)
Stlth  ++........               (no ring)
                                (no ring)
                                (no ring)
                                (no ring)

@: lethally poisoned (0 -> -7), appendage (expiring), not resistant to hostile
enchantments, unstealthy
A: almost no armour, amphibious, 8 rings, constrict 8, tentacle spike 3,
camouflage 1, gelatinous body 1
a: End Transformation


You were on level 2 of the Dungeon.
You were not hungry.
One of your tentacles had a temporary spike.
You visited 1 branch of the dungeon, and saw 2 of its levels.

You collected 134 gold pieces.

Inventory:

Missiles
 a - 12 arrows
 f - 44 poisoned needles
Jewellery
 l - an amulet of clarity (around mantle)
Scrolls
 i - a scroll of enchant armour {unknown}
 k - a scroll of identify {unknown}
Potions
 e - a potion of cure mutation
 g - a potion of brilliance {unknown}
 h - a potion of heal wounds {unknown}
 j - a potion of curing {unknown}
 m - a potion of mutation {unknown}
Books
 b - a book of Changes

   Spells                             Type                      Level
   a - Beastly Appendage              Transmutation                1
   b - Sticks to Snakes               Transmutation                2
   c - Spider Form                    Transmutation/Poison         3
   d - Ice Form                       Ice/Transmutation            4
   e - Blade Hands                    Transmutation                5
Comestibles
 c - a bread ration


   Skills:
 - Level 1.0 Fighting
 - Level 2.0 Dodging
 + Level 3.7 Unarmed Combat
 - Level 2.0 Spellcasting
 + Level 2.9 Transmutations


You had 5 spell levels left.
You knew the following spells:

 Your Spells              Type           Power        Failure   Level  Hunger
a - Beastly Appendage     Trmt           ##....       10%         1    #......


Dungeon Overview and Level Annotations

Branches:
Dungeon (2/15)

Altars:
Okawaru


Innate Abilities, Weirdness & Mutations

You cannot wear most types of armour.
You are amphibious.
You can wear up to eight rings at the same time.
You can use your tentacles to constrict eight enemies at once.
Your skin changes colour to match your surroundings (Stealth).
Your rubbery body absorbs attacks (AC +1).
One of your tentacles bears a large vicious spike.


Message History

* * * LOW HITPOINT WARNING * * *
You tentacle-slap the adder. Your grab misses the adder.
The adder is almost dead.
The adder bites you but does no damage.
You closely miss the adder. Your grab misses the adder.
Your tentacle spike misses the adder.
The adder is almost dead.
Your transformation is almost over.
* * * LOW HITPOINT WARNING * * *
You feel sick. The adder bites you.
* * * LOW HITPOINT WARNING * * *
Drink which item? (? for menu, Esc to quit)
It was a potion of cure mutation.
It has a very clean taste.
* * * LOW HITPOINT WARNING * * *
You feel sick. The adder closely misses you.
Drink which item? (? for menu, Esc to quit)
It was a potion of cancellation.
Your magical effects are unravelling.
You feel magically purged. The adder misses you. The adder bites you.
You die...

....... .......
....... #######
.......##### ......#
...........# ......#
...........# ......#
......)....# ......#
...........###......#
.....>......S@......'
.........)..##......#
............# ......#
............# #######
.........?..#
.........##.#
.........##.##########
.........#...........#
.........#...........#


You could see an adder.

Vanquished Creatures
  An ooze (D:1)
  A worm (D:2)
  A ball python (D:1)
  4 bats
  A giant cockroach (D:2)
  5 goblins
  3 hobgoblins
  5 kobolds (D:1)
  5 jackals
  A rat (D:2)
27 creatures vanquished.

Notes
Turn   | Place    | Note
--------------------------------------------------------------
     0 | D:1      | Arkorax the Octopode Transmuter began the quest for the Orb.
     0 | D:1      | Reached XP level 1. HP: 13/13 MP: 3/3
   169 | D:1      | Reached XP level 2. HP: 13/18 MP: 3/5
   322 | D:1      | Found an iron altar of Okawaru.
   893 | D:2      | Reached XP level 3. HP: 20/23 MP: 4/6
  1276 | D:2      | HP: 1/23 [poisoned by an adder]
  1277 | D:2      | Slain by an adder

Action                   || total
-------------------------++-------
Melee: Unarmed           ||    67
 Cast: Beastly Appendage ||    13
  Use: Potion            ||     2
 Stab: Sleeping          ||     5
  Eat: Chunk             ||     1
